[ AOE2 MATCH · #505832301 ]
UnrankedPoles vs Armenians
Player's team · WIN
Rival team · LOSS
[ REPLAY ANALYSIS · EXTRACTED FROM THE RECORDED GAME ]
Feudal
8:31
Castle
27:22
Imperial
—
| APM avg | 78.8 |
| APM peak | 112 |
| eAPM avg | 42.1 |
| Villagers / military | 73 / 62 |
Focus
⚔️ 55.5% · 🌾 44.5%
Scout Cavalry ×45 · Skirmisher ×9 · Archer ×8
Feudal
9:30
Castle
—
Imperial
—
| APM avg | 71.1 |
| APM peak | 101 |
| eAPM avg | 32.2 |
| Villagers / military | 110 / 93 |
Focus
⚔️ 47.8% · 🌾 52.2%
Militia ×67 · Skirmisher ×26
Match map
Initial resources + every placement click. Lines = walls · curves = elevation contours. ◆ gold · ⬟ stone · ● berries · ✦ relic · ◌ wall gap
Your base· Open — opponent sealed themselves in
OS+ | NeoZz's base· Open — unwalled flank
Smoothed initial terrain · ◌ = detected wall gap · hover for details
Inputs per minute
— wR.Prisma - - OS+ | NeoZz
Build order — wR.Prisma
First 150 of 249 actions detected
| 0:00 | Create | Villager (Male) |
| 0:01 | Create | Villager (Male) |
| 0:02 | Build | House |
| 0:04 | Build | House |
| 0:14 | Create | Villager (Male) |
| 0:21 | Create | Villager (Male) |
| 1:14 | Create | Villager (Male) |
| 1:49 | Build | Lumber Camp |
| 1:54 | Build | Lumber Camp |
| 2:00 | Create | Villager (Male) |
| 2:27 | Create | Villager (Male) |
| 2:40 | Create | Villager (Male) |
| 3:07 | Create | Villager (Male) |
| 3:22 | Create | Villager (Male) |
| 3:39 | Create | Villager (Male) |
| 3:50 | Build | Mill |
| 4:13 | Create | Villager (Male) |
| 4:27 | Create | Villager (Male) |
| 5:23 | Create | Villager (Male) |
| 5:24 | Create | Villager (Male) |
| 5:31 | Research | Loom |
| 6:21 | Research | Feudal Age |
| 6:21 | Research | Feudal Age |
| 6:52 | Build | Palisade Wall |
| 7:00 | Build | Palisade Wall |
| 7:21 | Build | Barracks |
| 7:27 | Build | House |
| 7:37 | Create | Villager (Male) |
| 7:50 | Build | Palisade Wall |
| 7:51 | Build | Palisade Wall |
| 7:59 | Create | Villager (Male) |
| 8:23 | Research | Loom |
| 8:25 | Build | Palisade Wall |
| 8:31 | Age | Feudal Age |
| 8:33 | Build | Archery Range |
| 8:52 | Create | Villager (Male) |
| 8:54 | Research | Double-Bit Axe |
| 8:54 | Research | Double-Bit Axe |
| 9:17 | Create | Archer |
| 9:23 | Create | Villager (Male) |
| 9:23 | Create | Villager (Male) |
| 9:27 | Create | Villager (Male) |
| 9:43 | Build | Mining Camp |
| 9:47 | Build | Palisade Wall |
| 9:54 | Create | Villager (Male) |
| 9:58 | Create | Villager (Male) |
| 10:06 | Build | Palisade Wall |
| 10:21 | Research | Horse Collar |
| 10:26 | Build | House |
| 10:34 | Create | Villager (Male) |
| 10:43 | Create | Archer |
| 10:43 | Create | Archer |
| 11:06 | Create | Villager (Male) |
| 11:15 | Create | Villager (Male) |
| 11:17 | Build | House |
| 11:20 | Create | Archer |
| 11:24 | Build | Farm |
| 11:26 | Build | Farm |
| 11:31 | Build | Palisade Wall |
| 11:32 | Build | Palisade Wall |
| 11:40 | Create | Villager (Male) |
| 11:42 | Create | Archer |
| 11:50 | Build | Palisade Wall |
| 11:54 | Build | House |
| 11:55 | Create | Villager (Male) |
| 12:14 | Build | House |
| 12:22 | Create | Archer |
| 12:35 | Build | Palisade Wall |
| 12:44 | Create | Villager (Male) |
| 12:59 | Build | Lumber Camp |
| 13:01 | Create | Archer |
| 13:09 | Create | Villager (Male) |
| 13:26 | Build | Palisade Wall |
| 13:26 | Build | Palisade Wall |
| 13:33 | Create | Archer |
| 13:34 | Create | Villager (Male) |
| 13:49 | Create | Villager (Male) |
| 14:01 | Create | Skirmisher |
| 14:21 | Create | Skirmisher |
| 14:22 | Create | Villager (Male) |
| 14:24 | Build | Farm |
| 14:27 | Build | Farm |
| 14:29 | Build | Farm |
| 14:33 | Build | Mill |
| 14:34 | Create | Skirmisher |
| 14:34 | Create | Skirmisher |
| 14:35 | Create | Skirmisher |
| 14:41 | Create | Villager (Male) |
| 14:41 | Create | Villager (Male) |
| 14:45 | Build | Mill |
| 14:50 | Create | Villager (Male) |
| 14:54 | Build | Palisade Wall |
| 14:57 | Build | Palisade Wall |
| 15:01 | Build | House |
| 15:04 | Build | House |
| 15:06 | Create | Villager (Male) |
| 15:08 | Build | Farm |
| 15:18 | Build | Farm |
| 15:22 | Build | Palisade Wall |
| 15:23 | Build | Farm |
| 15:26 | Build | Farm |
| 15:26 | Build | Farm |
| 15:28 | Create | Skirmisher |
| 15:32 | Create | Villager (Male) |
| 16:00 | Create | Villager (Male) |
| 16:02 | Build | Blacksmith |
| 16:07 | Create | Skirmisher |
| 16:11 | Create | Villager (Male) |
| 16:23 | Create | Villager (Male) |
| 16:25 | Build | Farm |
| 16:27 | Create | Skirmisher |
| 16:33 | Create | Villager (Male) |
| 16:36 | Research | Fletching |
| 16:37 | Research | Fletching |
| 16:40 | Build | Farm |
| 16:42 | Build | House |
| 16:46 | Create | Villager (Male) |
| 16:54 | Create | Villager (Male) |
| 17:05 | Create | Villager (Male) |
| 17:14 | Build | Stable |
| 17:41 | Build | House |
| 17:44 | Build | House |
| 17:47 | Create | Scout Cavalry |
| 17:47 | Create | Scout Cavalry |
| 17:48 | Build | Farm |
| 17:49 | Build | Farm |
| 17:49 | Create | Villager (Male) |
| 18:07 | Create | Scout Cavalry |
| 18:08 | Build | Palisade Wall |
| 18:10 | Build | Palisade Wall |
| 18:12 | Build | Palisade Wall |
| 18:15 | Build | House |
| 18:21 | Create | Villager (Male) |
| 18:30 | Create | Villager (Male) |
| 18:33 | Build | Mill |
| 18:33 | Build | Farm |
| 18:34 | Build | Farm |
| 18:36 | Build | Mill |
| 18:41 | Create | Villager (Male) |
| 18:44 | Create | Scout Cavalry |
| 18:48 | Create | Villager (Male) |
| 18:50 | Build | House |
| 18:55 | Build | Mining Camp |
| 19:08 | Create | Villager (Male) |
| 19:16 | Build | Farm |
| 19:16 | Build | Farm |
| 19:17 | Build | Farm |
| 19:17 | Build | Farm |
| 19:20 | Create | Scout Cavalry |
| 19:27 | Research | Forging |
Build order — OS+ | NeoZz
First 150 of 336 actions detected
| 0:00 | Create | Villager (Male) |
| 0:01 | Create | Villager (Male) |
| 0:02 | Build | House |
| 0:02 | Build | House |
| 0:03 | Create | Villager (Male) |
| 0:06 | Create | Villager (Male) |
| 1:27 | Create | Villager (Male) |
| 1:28 | Create | Villager (Male) |
| 1:48 | Create | Villager (Male) |
| 1:48 | Create | Villager (Male) |
| 2:08 | Build | Mule Cart |
| 2:31 | Create | Villager (Male) |
| 2:31 | Create | Villager (Male) |
| 2:54 | Create | Villager (Male) |
| 2:54 | Create | Villager (Male) |
| 3:07 | Build | Mule Cart |
| 3:20 | Create | Villager (Male) |
| 3:44 | Create | Villager (Male) |
| 3:45 | Create | Villager (Male) |
| 3:45 | Create | Villager (Male) |
| 3:45 | Create | Villager (Male) |
| 4:13 | Create | Villager (Male) |
| 4:23 | Build | House |
| 4:28 | Create | Villager (Male) |
| 4:28 | Create | Villager (Male) |
| 4:28 | Create | Villager (Male) |
| 4:31 | Create | Villager (Male) |
| 4:40 | Research | Loom |
| 4:42 | Create | Villager (Male) |
| 4:42 | Create | Villager (Male) |
| 4:44 | Create | Villager (Male) |
| 4:44 | Create | Villager (Male) |
| 4:44 | Create | Villager (Male) |
| 5:11 | Create | Villager (Male) |
| 5:11 | Create | Villager (Male) |
| 5:18 | Create | Villager (Male) |
| 5:25 | Create | Villager (Male) |
| 5:25 | Create | Villager (Male) |
| 5:27 | Create | Villager (Male) |
| 6:26 | Build | Barracks |
| 7:20 | Research | Feudal Age |
| 7:23 | Create | Militia |
| 7:23 | Create | Militia |
| 7:26 | Build | House |
| 7:52 | Create | Militia |
| 7:58 | Build | Mill |
| 7:59 | Create | Militia |
| 8:00 | Create | Militia |
| 8:12 | Create | Villager (Male) |
| 8:27 | Build | House |
| 9:07 | Create | Villager (Male) |
| 9:15 | Build | Mule Cart |
| 9:23 | Create | Villager (Male) |
| 9:30 | Age | Feudal Age |
| 9:30 | Create | Villager (Male) |
| 9:34 | Build | Watch Tower |
| 9:40 | Research | Man-at-Arms (upgrade) |
| 9:42 | Research | Double-Bit Axe |
| 9:42 | Research | Double-Bit Axe |
| 10:00 | Create | Villager (Male) |
| 10:00 | Create | Villager (Male) |
| 10:18 | Create | Villager (Male) |
| 10:25 | Build | House |
| 10:32 | Build | Palisade Wall |
| 10:32 | Build | Palisade Wall |
| 10:33 | Build | Palisade Wall |
| 10:33 | Build | Palisade Wall |
| 10:34 | Build | Palisade Wall |
| 10:45 | Create | Villager (Male) |
| 10:56 | Build | Archery Range |
| 11:09 | Create | Villager (Male) |
| 11:40 | Build | Farm |
| 11:42 | Build | Farm |
| 11:44 | Create | Skirmisher |
| 11:45 | Create | Skirmisher |
| 11:45 | Create | Skirmisher |
| 11:51 | Create | Villager (Male) |
| 11:51 | Create | Villager (Male) |
| 11:51 | Create | Villager (Male) |
| 11:53 | Build | House |
| 12:07 | Create | Skirmisher |
| 12:22 | Build | House |
| 12:24 | Build | House |
| 12:25 | Create | Villager (Male) |
| 12:25 | Create | Villager (Male) |
| 12:28 | Build | Palisade Wall |
| 12:35 | Build | Watch Tower |
| 12:37 | Create | Skirmisher |
| 12:44 | Create | Skirmisher |
| 12:46 | Create | Villager (Male) |
| 12:46 | Create | Villager (Male) |
| 12:49 | Build | House |
| 13:03 | Build | Palisade Wall |
| 13:04 | Build | Palisade Wall |
| 13:19 | Create | Villager (Male) |
| 13:21 | Build | Blacksmith |
| 13:25 | Build | Palisade Wall |
| 13:25 | Build | Palisade Wall |
| 13:25 | Build | Palisade Wall |
| 13:26 | Build | Palisade Wall |
| 13:26 | Build | Palisade Wall |
| 13:26 | Build | Palisade Wall |
| 13:26 | Build | Palisade Wall |
| 13:26 | Build | Palisade Wall |
| 13:27 | Build | Palisade Wall |
| 13:27 | Build | Palisade Wall |
| 13:27 | Build | Palisade Wall |
| 13:32 | Create | Villager (Male) |
| 13:33 | Create | Villager (Male) |
| 14:04 | Research | Fletching |
| 14:05 | Build | Farm |
| 14:08 | Build | Farm |
| 14:23 | Create | Villager (Male) |
| 14:23 | Create | Villager (Male) |
| 14:30 | Build | Farm |
| 14:34 | Build | House |
| 14:38 | Build | Farm |
| 14:40 | Build | Palisade Wall |
| 14:41 | Build | Palisade Wall |
| 14:43 | Create | Skirmisher |
| 14:54 | Create | Villager (Male) |
| 14:54 | Create | Villager (Male) |
| 14:58 | Create | Villager (Male) |
| 15:15 | Build | Farm |
| 15:19 | Create | Skirmisher |
| 15:22 | Build | House |
| 15:27 | Create | Villager (Male) |
| 15:28 | Create | Villager (Male) |
| 15:32 | Create | Skirmisher |
| 15:38 | Build | Farm |
| 16:22 | Create | Villager (Male) |
| 16:26 | Create | Villager (Male) |
| 16:28 | Build | Farm |
| 16:29 | Create | Skirmisher |
| 16:37 | Build | House |
| 16:38 | Create | Villager (Male) |
| 16:41 | Build | Farm |
| 16:43 | Create | Skirmisher |
| 16:45 | Create | Villager (Male) |
| 16:51 | Build | Outpost |
| 16:54 | Create | Villager (Male) |
| 16:56 | Build | Farm |
| 16:59 | Research | Horse Collar |
| 17:03 | Create | Militia |
| 17:03 | Create | Militia |
| 17:08 | Build | Farm |
| 17:09 | Build | House |
| 17:13 | Create | Villager (Male) |
| 17:13 | Create | Villager (Male) |
| 17:26 | Create | Militia |
Match timeline
| 6:26 | OS+ | NeoZz · first_building Barracks |
| 6:52 | wR.Prisma · wall_segment Palisade Wall x7 |
| 7:00 | wR.Prisma · wall_segment Palisade Wall x4 |
| 7:21 | wR.Prisma · first_building Barracks |
| 7:50 | wR.Prisma · wall_segment Palisade Wall x1 |
| 7:51 | wR.Prisma · wall_segment Palisade Wall x1 |
| 8:25 | wR.Prisma · wall_segment Palisade Wall x7 |
| 8:31 | wR.Prisma · age_up feudal |
| 8:33 | wR.Prisma · first_building Archery Range |
| 9:30 | OS+ | NeoZz · age_up feudal |
| 9:47 | wR.Prisma · wall_segment Palisade Wall x1 |
| 10:06 | wR.Prisma · wall_segment Palisade Wall x1 |
| 10:32 | OS+ | NeoZz · wall_segment Palisade Wall x1 |
| 10:32 | OS+ | NeoZz · wall_segment Palisade Wall x1 |
| 10:33 | OS+ | NeoZz · wall_segment Palisade Wall x1 |
| 10:33 | OS+ | NeoZz · wall_segment Palisade Wall x1 |
| 10:34 | OS+ | NeoZz · wall_segment Palisade Wall x1 |
| 10:56 | OS+ | NeoZz · first_building Archery Range |
| 11:31 | wR.Prisma · wall_segment Palisade Wall x1 |
| 11:32 | wR.Prisma · wall_segment Palisade Wall x1 |
| 11:50 | wR.Prisma · wall_segment Palisade Wall x1 |
| 12:28 | OS+ | NeoZz · wall_segment Palisade Wall x4 |
| 12:35 | wR.Prisma · wall_segment Palisade Wall x1 |
| 13:03 | OS+ | NeoZz · wall_segment Palisade Wall x1 |
| 13:04 | OS+ | NeoZz · wall_segment Palisade Wall x1 |
| 13:25 | OS+ | NeoZz · wall_segment Palisade Wall x1 |
| 13:25 | OS+ | NeoZz · wall_segment Palisade Wall x1 |
| 13:25 | OS+ | NeoZz · wall_segment Palisade Wall x1 |
| 13:26 | OS+ | NeoZz · wall_segment Palisade Wall x2 |
| 13:26 | wR.Prisma · wall_segment Palisade Wall x1 |
| 13:26 | OS+ | NeoZz · wall_segment Palisade Wall x1 |
| 13:26 | OS+ | NeoZz · wall_segment Palisade Wall x1 |
| 13:26 | OS+ | NeoZz · wall_segment Palisade Wall x1 |
| 13:26 | OS+ | NeoZz · wall_segment Palisade Wall x2 |
| 13:26 | wR.Prisma · wall_segment Palisade Wall x1 |
| 13:27 | OS+ | NeoZz · wall_segment Palisade Wall x1 |
| 13:27 | OS+ | NeoZz · wall_segment Palisade Wall x2 |
| 13:27 | OS+ | NeoZz · wall_segment Palisade Wall x1 |
| 14:40 | OS+ | NeoZz · wall_segment Palisade Wall x1 |
| 14:41 | OS+ | NeoZz · wall_segment Palisade Wall x1 |
| 14:54 | wR.Prisma · wall_segment Palisade Wall x1 |
| 14:57 | wR.Prisma · wall_segment Palisade Wall x1 |
| 15:22 | wR.Prisma · wall_segment Palisade Wall x1 |
| 17:14 | wR.Prisma · first_building Stable |
| 18:08 | wR.Prisma · wall_segment Palisade Wall x1 |
| 18:10 | wR.Prisma · wall_segment Palisade Wall x1 |
| 18:12 | wR.Prisma · wall_segment Palisade Wall x1 |
| 18:14 | OS+ | NeoZz · wall_segment Palisade Wall x1 |
| 18:14 | OS+ | NeoZz · wall_segment Palisade Wall x1 |
| 18:15 | OS+ | NeoZz · wall_segment Palisade Wall x2 |
| 19:46 | OS+ | NeoZz · wall_segment Palisade Wall x7 |
| 22:28 | OS+ | NeoZz · wall_segment Palisade Wall x4 |
| 22:29 | OS+ | NeoZz · wall_segment Palisade Wall x1 |
| 22:30 | OS+ | NeoZz · wall_segment Palisade Wall x1 |
| 23:50 | wR.Prisma · wall_segment Stone Wall x10 |
| 23:50 | wR.Prisma · wall_segment Stone Wall x1 |
| 25:09 | wR.Prisma · wall_segment Stone Wall x6 |
| 25:15 | OS+ | NeoZz · wall_segment Stone Wall x1 |
| 26:13 | wR.Prisma · first_market_sell 100 stone |
| 26:36 | OS+ | NeoZz · wall_segment Palisade Wall x3 |
| 26:37 | OS+ | NeoZz · wall_segment Palisade Wall x1 |
| 26:45 | OS+ | NeoZz · wall_segment Palisade Wall x1 |
| 27:15 | OS+ | NeoZz · first_market_sell 100 wood |
| 27:22 | wR.Prisma · age_up castle |
| 27:30 | OS+ | NeoZz · resign |
[ AI ANALYSIS · 1 CREDIT ]
What really happened in this match?
Wolo.gg analyzes every decision: build order, eco, micro, common mistakes by bracket. Personalized analysis on WhatsApp or Discord in 30 seconds.
Civ guide
Poles
Perfil
Jugador #3176045